TOP OF THE 1ST |
Visalia Mets batting - Pitching for Reno Silver Sox : RHP Jeff Dedmon
|
Pitching: RHP Jeff Dedmon
|
|
Batting: RHB Danny Ainge
|
0-0: Ball 1-0: Called Strike 1-1: Foul Ball, location: 2F 1-2: Ground out 5-3 (Groundball, 56S, EV 78.1 MPH)
|
Batting: SHB David Navarro
|
0-0: Ball 1-0: Fly out, F7 (Flyball, 78M, EV 81.3 MPH)
|
Batting: LHB Huey Gayden
|
0-0: Foul Ball, location: 2F 0-1: Fly out, F9 (Flyball, 9LM, EV 90.6 MPH)
|
Top of the 1st over - 0 runs, 0 hits, 0 errors, 0 left on base; Visalia 0 - Reno 0 |
BOTTOM OF THE 1ST |
Reno Silver Sox batting - Pitching for Visalia Mets : RHP Randy Martz
|
Pitching: RHP Randy Martz
|
|
Batting: RHB Lemmie Miller
|
0-0: Called Strike 0-1: Swinging Strike 0-2: Fly out, F9 (Flyball, 9S, EV 88.1 MPH)
|
Batting: RHB Rod Hobbs
|
0-0: DOUBLE (Line Drive, 7LM, EV 109.4 MPH)
|
Batting: LHB Victor Diaz
|
0-0: Fly out, F7 (Flyball, 78D, EV 85.6 MPH) Runner from 2nd tags up, SAFE at 3rd with throw by LF
|
Batting: LHB Mike Hocutt
|
0-0: Ground out U3 (Groundball, 3, EV 86.3 MPH)
|
Bottom of the 1st over - 0 runs, 1 hit, 0 errors, 1 left on base; Visalia 0 - Reno 0 |
TOP OF THE 2ND |
Visalia Mets batting - Pitching for Reno Silver Sox : RHP Jeff Dedmon
|
Batting: LHB Pete Dalena
|
0-0: Swinging Strike 0-1: SOLO HOME RUN (Flyball, 9D, EV 101.3 MPH), Distance : 367 ft
|
Batting: SHB Marcos Gomez
|
0-0: Foul Ball, location: 2F 0-1: Ball 1-1: Ball 2-1: Swinging Strike 2-2: Strikes out looking
|
Batting: RHB Ed Sedar
|
0-0: Foul Ball, location: 2F 0-1: Ball 1-1: Ball 2-1: Ball 3-1: Called Strike 3-2: Foul Ball, location: 2F 3-2: Ground out 5-3 (Groundball, 5L, EV 90.6 MPH)
|
Batting: RHB Gabriel de la Sancha
|
0-0: Swinging Strike 0-1: Foul Ball, location: 2F 0-2: Fly out, F7 (Flyball, 7, EV 90.0 MPH)
|
Top of the 2nd over - 1 run, 1 hit, 0 errors, 0 left on base; Visalia 1 - Reno 0 |
BOTTOM OF THE 2ND |
Reno Silver Sox batting - Pitching for Visalia Mets : RHP Randy Martz
|
Batting: RHB Bill Crone
|
0-0: Ball 1-0: Called Strike 1-1: Ball 2-1: Foul Ball, location: 2F 2-2: Fly out, F7 (Line Drive, 7, EV 91.3 MPH)
|
Batting: LHB Kevin Rigby
|
0-0: Foul Ball, location: 2F 0-1: Ball 1-1: Ball 2-1: Swinging Strike 2-2: Ground out 6-3 (Groundball, 6, EV 90.6 MPH)
|
Batting: RHB Luis Cabanas
|
0-0: Called Strike 0-1: Ground out 4-3 (Groundball, 4M, EV 81.9 MPH)
|
Bottom of the 2nd over - 0 runs, 0 hits, 0 errors, 0 left on base; Visalia 1 - Reno 0 |
TOP OF THE 3RD |
Visalia Mets batting - Pitching for Reno Silver Sox : RHP Jeff Dedmon
|
Batting: RHB Mitchell Ashmore
|
0-0: Fly out, F8 (Flyball, 8RM, EV 87.5 MPH)
|
Batting: RHB Eddie Dennis
|
0-0: Ball 1-0: Swinging Strike 1-1: Ball 2-1: Ball 3-1: Swinging Strike 3-2: Ground out 5-3 (Groundball, 56S, EV 66.3 MPH)
|
Batting: RHB Danny Ainge
|
0-0: Ball 1-0: Ball 2-0: Ball 3-0: Called Strike 3-1: DOUBLE (Line Drive, 78M, EV 88.1 MPH)
|
Batting: SHB David Navarro
|
0-0: Ball 1-0: Foul Ball, location: 2F 1-1: Foul Ball, location: 2F 1-2: DOUBLE (Line Drive, 8LXD, EV 104.4 MPH) Danny Ainge scores
|
Batting: LHB Huey Gayden
|
0-0: Ball 1-0: Ball 2-0: TRIPLE (Flyball, 89XD, EV 98.8 MPH) David Navarro scores
|
Batting: LHB Pete Dalena
|
0-0: Ball 1-0: Ball 2-0: Ground out 5-3 (Groundball, 5, EV 87.5 MPH)
|
Top of the 3rd over - 2 runs, 3 hits, 0 errors, 1 left on base; Visalia 3 - Reno 0 |
BOTTOM OF THE 3RD |
Reno Silver Sox batting - Pitching for Visalia Mets : RHP Randy Martz
|
Batting: LHB Andrew Timko
|
0-0: DOUBLE (Line Drive, 7LM, EV 104.4 MPH)
|
Batting: LHB Gregory Shirley
|
0-0: Called Strike 0-1: Ball 1-1: Called Strike 1-2: Strikes out swinging
|
Batting: RHB Lemmie Miller
|
0-0: Ball 1-0: Ground out 6-3 (Groundball, 6, EV 81.3 MPH) Andrew Timko to third
|
Batting: RHB Rod Hobbs
|
0-0: Foul Ball, location: 2F 0-1: Ball 1-1: Ground out 5-3 (Groundball, 56, EV 101.9 MPH)
|
Bottom of the 3rd over - 0 runs, 1 hit, 0 errors, 1 left on base; Visalia 3 - Reno 0 |
TOP OF THE 4TH |
Visalia Mets batting - Pitching for Reno Silver Sox : RHP Jeff Dedmon
|
Batting: SHB Marcos Gomez
|
0-0: Called Strike 0-1: Fly out, F7 (Flyball, 78D, EV 93.8 MPH)
|
Batting: RHB Ed Sedar
|
0-0: Ball 1-0: Ball 2-0: Ground out 5-3 (Groundball, 56S, EV 75.6 MPH)
|
Batting: RHB Gabriel de la Sancha
|
0-0: Called Strike 0-1: Ball 1-1: Ball 2-1: Fly out, F8 (Line Drive, 8RD, EV 108.1 MPH)
|
Top of the 4th over - 0 runs, 0 hits, 0 errors, 0 left on base; Visalia 3 - Reno 0 |
BOTTOM OF THE 4TH |
Reno Silver Sox batting - Pitching for Visalia Mets : RHP Randy Martz
|
Batting: LHB Victor Diaz
|
0-0: Called Strike 0-1: Ball 1-1: Fly out, F7 (Line Drive, 7, EV 97.5 MPH)
|
Batting: LHB Mike Hocutt
|
0-0: Ball 1-0: Ball 2-0: Foul Ball, location: 2F 2-1: Swinging Strike 2-2: Strikes out swinging
|
Batting: RHB Bill Crone
|
0-0: Foul Ball, location: 2F 0-1: Ball 1-1: SINGLE (Groundball, 5L, EV 82.5 MPH) (infield hit)
|
Batting: LHB Kevin Rigby
|
0-0: Ball 1-0: Ball 2-0: Called Strike 2-1: Foul Ball, location: 2F 2-2: Strikes out swinging
|
Bottom of the 4th over - 0 runs, 1 hit, 0 errors, 1 left on base; Visalia 3 - Reno 0 |
TOP OF THE 5TH |
Visalia Mets batting - Pitching for Reno Silver Sox : RHP Jeff Dedmon
|
Batting: RHB Mitchell Ashmore
|
0-0: Called Strike 0-1: Foul Ball, location: 2F 0-2: Foul Ball, location: 2F 0-2: Foul Ball, location: 2F 0-2: Ball 1-2: Ball 2-2: Ball 3-2: Base on Balls
|
Batting: RHB Eddie Dennis
|
0-0: Ball 1-0: Sac Bunt to 15S - play at first, batter OUT! 1-4 Mitchell Ashmore to second
|
Batting: RHB Danny Ainge
|
0-0: Ball 1-0: Swinging Strike 1-1: Ground out 5-3 (Groundball, 56, EV 80.0 MPH)
|
Batting: SHB David Navarro
|
0-0: Called Strike 0-1: Ball 1-1: Ball 2-1: Ball Passed Ball! Mitchell Ashmore to third 3-1: Base on Balls
|
Batting: LHB Huey Gayden
|
0-0: Ball 1-0: Fielders Choice at 2nd, 6-4 (Groundball, 6, EV 96.3 MPH)
|
Top of the 5th over - 0 runs, 0 hits, 0 errors, 2 left on base; Visalia 3 - Reno 0 |
BOTTOM OF THE 5TH |
Reno Silver Sox batting - Pitching for Visalia Mets : RHP Randy Martz
|
Batting: RHB Luis Cabanas
|
0-0: Called Strike 0-1: Ball 1-1: Ball 2-1: Called Strike 2-2: Ball 3-2: SINGLE (Line Drive, 8RS, EV 111.9 MPH)
|
Batting: LHB Andrew Timko
|
0-0: Called Strike 0-1: Called Strike 0-2: Grounds into double play, 6-4-3 (Groundball, 6, EV 84.4 MPH)
|
Batting: LHB Gregory Shirley
|
0-0: Called Strike 0-1: Ball 1-1: Foul Ball, location: 2F 1-2: Ball 2-2: Ball 3-2: Ground out U3 (Groundball, 3, EV 100.0 MPH)
|
Bottom of the 5th over - 0 runs, 1 hit, 0 errors, 0 left on base; Visalia 3 - Reno 0 |
TOP OF THE 6TH |
Visalia Mets batting - Pitching for Reno Silver Sox : RHP Jeff Dedmon
|
Batting: LHB Pete Dalena
|
0-0: Swinging Strike 0-1: SOLO HOME RUN (Flyball, 89XD, EV 103.1 MPH), Distance : 404 ft
|
Batting: SHB Marcos Gomez
|
0-0: Ground out 1-3 (Groundball, 25, EV 75.6 MPH)
|
Batting: RHB Ed Sedar
|
0-0: Ball 1-0: DOUBLE (Line Drive, 8RXD, EV 101.3 MPH)
|
Batting: RHB Gabriel de la Sancha
|
0-0: Ball 1-0: Ball 2-0: Called Strike 2-1: Foul Ball, location: 2F 2-2: Ball 3-2: DOUBLE (Line Drive, 8RD, EV 102.5 MPH) Ed Sedar scores
|
Batting: RHB Mitchell Ashmore
|
0-0: Called Strike 0-1: DOUBLE (Line Drive, 89D, EV 101.3 MPH) Gabriel de la Sancha scores
|
Pitching: RHP Bob Bastian
|
|
Batting: RHB Eddie Dennis
|
0-0: Called Strike 0-1: Ball 1-1: Foul Ball, location: 2F 1-2: Ball 2-2: Foul Ball, location: 2F 2-2: Strikes out swinging
|
Batting: RHB Danny Ainge
|
0-0: Called Strike 0-1: Ball 1-1: SINGLE (Groundball, 6MD, EV 100.6 MPH) Mitchell Ashmore to third Runner from 3rd tries for Home, SAFE, throw by CF to home
|
Batting: SHB David Navarro
|
0-0: Ball 1-0: Ground out U3 (Groundball, 3S, EV 87.5 MPH)
|
Top of the 6th over - 4 runs, 5 hits, 0 errors, 1 left on base; Visalia 7 - Reno 0 |
BOTTOM OF THE 6TH |
Reno Silver Sox batting - Pitching for Visalia Mets : RHP Randy Martz
|
Batting: RHB Lemmie Miller
|
0-0: Ball 1-0: Ball 2-0: Ball 3-0: Called Strike 3-1: Ground out 4-3 (Groundball, 4, EV 105.6 MPH)
|
Batting: RHB Rod Hobbs
|
0-0: Ball 1-0: Swinging Strike 1-1: Fly out, F8 (Flyball, 8RS, EV 92.5 MPH)
|
Batting: LHB Victor Diaz
|
0-0: Ball 1-0: Ground out U3 (Groundball, 34S, EV 84.4 MPH)
|
Bottom of the 6th over - 0 runs, 0 hits, 0 errors, 0 left on base; Visalia 7 - Reno 0 |
TOP OF THE 7TH |
Visalia Mets batting - Pitching for Reno Silver Sox : RHP Bob Bastian
|
Batting: LHB Huey Gayden
|
0-0: Ball 1-0: Swinging Strike 1-1: Ball 2-1: Called Strike 2-2: Foul Ball, location: 2F 2-2: Fly out, F4 (Popup, 4M, EV 52.5 MPH)
|
Batting: LHB Pete Dalena
|
0-0: Ball 1-0: Called Strike 1-1: Fly out, F7 (Flyball, 78XD, EV 98.1 MPH)
|
Batting: SHB Marcos Gomez
|
0-0: Called Strike 0-1: Foul Ball, location: 2F 0-2: Ball 1-2: SINGLE (Line Drive, 8LS, EV 105.0 MPH)
|
Batting: RHB Ed Sedar
|
0-0: Called Strike 0-1: Ball Wild Pitch! Marcos Gomez to second 1-1: Swinging Strike 1-2: Strikes out swinging
|
Top of the 7th over - 0 runs, 1 hit, 0 errors, 1 left on base; Visalia 7 - Reno 0 |
BOTTOM OF THE 7TH |
Reno Silver Sox batting - Pitching for Visalia Mets : RHP Randy Martz
|
Pinch Hitting: SHB Julio Paula
|
0-0: Ball 1-0: Foul Ball, location: 2F 1-1: Ball 2-1: Ground out 6-3 (Groundball, 6S, EV 87.5 MPH)
|
Batting: RHB Bill Crone
|
0-0: SINGLE (Groundball, 6MD, EV 98.8 MPH)
|
Batting: LHB Kevin Rigby
|
0-0: Ball 1-0: Ball 2-0: Swinging Strike 2-1: Foul Ball, location: 2F 2-2: Ball Bill Crone steals 2nd base (no throw) 3-2: Foul Ball, location: 2F 3-2: Ground out 4-3 (Groundball, 4, EV 96.3 MPH) Bill Crone to third
|
Batting: RHB Luis Cabanas
|
0-0: Ball 1-0: Ball 2-0: Swinging Strike 2-1: Foul Ball, location: 2F 2-2: DOUBLE (Groundball, 5L, EV 107.5 MPH) Bill Crone scores
|
Batting: LHB Andrew Timko
|
0-0: Fly out, F7 (Flyball, 7S, EV 75.6 MPH)
|
Bottom of the 7th over - 1 run, 2 hits, 0 errors, 1 left on base; Visalia 7 - Reno 1 |
TOP OF THE 8TH |
Visalia Mets batting - Pitching for Reno Silver Sox : RHP Bob Bastian
|
Now at 1B: Eddie Brunson
|
|
Batting: RHB Gabriel de la Sancha
|
0-0: Fly out, F5 (Popup, 5F, EV 66.3 MPH)
|
Batting: RHB Mitchell Ashmore
|
0-0: Called Strike 0-1: Ball 1-1: Swinging Strike 1-2: Foul Ball, location: 2F 1-2: Ball 2-2: Ball 3-2: Strikes out swinging
|
Batting: RHB Eddie Dennis
|
0-0: SINGLE (Groundball, 34S, EV 81.9 MPH) (infield hit)
|
Batting: RHB Danny Ainge
|
0-0: Called Strike 0-1: Ball 1-1: Ball 2-1: Ball Wild Pitch! Eddie Dennis to second 3-1: Ground out 5-3 (Groundball, 56S, EV 69.4 MPH)
|
Top of the 8th over - 0 runs, 1 hit, 0 errors, 1 left on base; Visalia 7 - Reno 1 |
BOTTOM OF THE 8TH |
Reno Silver Sox batting - Pitching for Visalia Mets : RHP Randy Martz
|
Batting: LHB Gregory Shirley
|
0-0: Ball 1-0: Fly out, F5 (Popup, 5F, EV 68.8 MPH)
|
Batting: RHB Lemmie Miller
|
0-0: Ball 1-0: Foul Ball, location: 2F 1-1: Ball 2-1: Foul Ball, location: 2F 2-2: Ball 3-2: Ground out 6-3 (Groundball, 6M, EV 105.6 MPH)
|
Batting: RHB Rod Hobbs
|
0-0: Foul Ball, location: 2F 0-1: Ball 1-1: Foul Ball, location: 2F 1-2: Fly out, F8 (Line Drive, 8LM, EV 90.0 MPH)
|
Bottom of the 8th over - 0 runs, 0 hits, 0 errors, 0 left on base; Visalia 7 - Reno 1 |
TOP OF THE 9TH |
Visalia Mets batting - Pitching for Reno Silver Sox : RHP Bob Bastian
|
Pitching: RHP Juan Arias
|
|
Batting: SHB David Navarro
|
0-0: Ground out 4-3 (Groundball, 4M, EV 103.1 MPH)
|
Batting: LHB Huey Gayden
|
0-0: Fly out, F8 (Flyball, 8RS, EV 81.3 MPH)
|
Batting: LHB Pete Dalena
|
0-0: Foul Ball, location: 2F 0-1: Foul Ball, location: 2F 0-2: Fly out, F9 (Flyball, 89S, EV 88.8 MPH)
|
Top of the 9th over - 0 runs, 0 hits, 0 errors, 0 left on base; Visalia 7 - Reno 1 |
BOTTOM OF THE 9TH |
Reno Silver Sox batting - Pitching for Visalia Mets : RHP Randy Martz
|
Batting: LHB Victor Diaz
|
0-0: Ball 1-0: Ball 2-0: Called Strike 2-1: SINGLE (Groundball, 3L, EV 86.3 MPH) (infield hit)
|
Batting: RHB Eddie Brunson
|
0-0: Fly out, F9 (Flyball, 9LM, EV 110.6 MPH)
|
Batting: RHB Bill Crone
|
0-0: Called Strike 0-1: Ball 1-1: Swinging Strike 1-2: Foul Ball, location: 2F 1-2: Ball 2-2: Ball 3-2: Base on Balls Victor Diaz to second
|
Batting: LHB Kevin Rigby
|
0-0: Ball 1-0: Foul Ball, location: 2F 1-1: Foul Ball, location: 2F 1-2: Grounds into double play, 3-6-3 (Groundball, 3, EV 79.4 MPH)
|
Bottom of the 9th over - 0 runs, 1 hit, 0 errors, 1 left on base; Visalia 7 - Reno 1 |
|